 Dungeon Crawl Stone Soup version 0.21.1-1-g345015fe64 (webtiles) character file.

226 Oravi the Cutter (level 6, -2/43 HPs)
             Began as a Halfling Fighter on Mar 29, 2018.
             Slain by a gnoll
             ... wielding a +0 spear
              (8 damage)
             ... on level 3 of the Dungeon.
             The game lasted 00:09:17 (2203 turns).

Oravi the Cutter (Halfling Fighter)                 Turns: 2203, Time: 00:09:18

Health: -2/43      AC:  9    Str: 22    XL:     6   Next: 21%
Magic:  6/6        EV:  9    Int:  6    God:
Gold:   175        SH: 10    Dex: 16    Spells: 5/5 levels left

rFire    . . .     SeeInvis .   r - +1 short sword (holy)
rCold    . . .     Gourm    .   c - +0 shield
rNeg     . . .     Faith    .   b - +0 scale mail
rPois    .         Spirit   .   h - +0 helmet
rElec    .         Reflect  .   (no cloak)
rCorr    .         Harm     .   (no gloves)
MR       .....                  t - +0 pair of boots
Stlth    ..........             (no amulet)
HPRegen  0.14/turn              (no ring)
MPRegen  0.10/turn              (no ring)

@: mighty, hasted, very quick
A: small, mutation resistance 1
a: no special abilities


You were on level 3 of the Dungeon.
You were hungry.

You visited 1 branch of the dungeon, and saw 3 of its levels.

You collected 175 gold pieces.

Inventory:

Hand Weapons
 a - a +0 rapier
 r - a +1 short sword of holy wrath (weapon)
Missiles
 j - 58 stones (quivered)
Armour
 b - a +0 scale mail (worn)
 c - a +0 shield (worn)
 h - a +0 helmet (worn)
 t - a +0 pair of boots (worn)
Wands
 p - a wand of clouds (8)
Scrolls
 g - 2 scrolls of magic mapping {unknown}
 i - a scroll of fog {unknown}
 l - a scroll of enchant weapon {unknown}
 n - 2 scrolls of amnesia {unknown}
 o - a scroll of random uselessness {unknown}
 q - 2 scrolls of identify {unknown}
 v - a scroll of teleportation {unknown}
Potions
 k - 3 potions of brilliance {unknown}
 m - a potion of heal wounds {unknown}
 s - a potion of lignification {unknown}
 u - a potion of agility {unknown}
Comestibles
 f - 5 rations


   Skills:
 + Level 4.0 Fighting
 + Level 6.1 Short Blades
 - Level 3.2 Armour
 - Level 3.2 Shields


You had 5 spell levels left.
You didn't know any spells.

Dungeon Overview and Level Annotations

Branches:
Dungeon (3/15)

Altars:
Yredelemnul


Innate Abilities, Weirdness & Mutations

You are small and have problems with some larger weapons.
You are somewhat resistant to further mutation.


Message History

You hit the gnoll but do no damage.
The gnoll is lightly wounded.
You block the gnoll's attack.
You hit the gnoll but do no damage.
The gnoll is lightly wounded.
The gnoll barely misses you.
You puncture the gnoll!
The gnoll is severely wounded.
The gnoll hits you with a spear.
* * * LOW HITPOINT WARNING * * *
You hit the gnoll.
The gnoll is severely wounded.
The gnoll hits you but does no damage.
Your shield prevents you from hitting the gnoll.
The gnoll is severely wounded.
You feel very mighty all of a sudden. The gnoll barely misses you.
It was a potion of haste.
You feel yourself speed up. The gnoll hits you with a spear!
You die...

.##.................###..[###....
.##.#.####........>##.....###....
......# #...####.###......######
####### #...# #..........# #
##...## #####).....###### #
######.....# #.#..........
...........# #.####.#####.
#####......#######.####.#####.
#!.†...gg@...#............
#.......#..####.######.#####.
#.##.......... .. #.#####.
......#..#..#.... .# #.......
##.####.#...##.#.# # ######## #
#.###... .# . #.# ##... . .#
##... #


You could see 2 gnolls.

Vanquished Creatures
  Ijyb (D:3)
  An orc wizard (D:3)
  4 gnolls (D:3)
  4 adders
  An ooze (D:1)
  A worm (D:3)
  3 dart slugs
  3 leopard geckos
  4 orcs (D:3)
  3 ball pythons
  3 giant cockroaches
  11 goblins
  6 hobgoblins
  5 jackals
  4 quokkas
  6 bats
  6 frilled lizards
  11 kobolds
  8 rats
85 creatures vanquished.

Notes
Turn   | Place    | Note
-------+----------+-------------------------------------------
     0 | D:1      | Oravi the Halfling Fighter began the quest for the Orb.
     0 | D:1      | Reached XP level 1. HP: 15/15 MP: 1/1
    24 | D:1      | Reached XP level 2. HP: 10/21 MP: 2/2
   301 | D:1      | Reached skill level 3 in Short Blades
   383 | D:1      | Reached XP level 3. HP: 20/26 MP: 3/3
   842 | D:2      | Reached skill level 4 in Short Blades
   842 | D:2      | Reached XP level 4. HP: 22/31 MP: 4/4
  1068 | D:2      | Found a basalt altar of Yredelemnul.
  1396 | D:3      | Reached XP level 5. HP: 35/37 MP: 5/5
  1553 | D:3      | Reached skill level 5 in Short Blades
  1912 | D:3      | Noticed Ijyb
  2093 | D:3      | Killed Ijyb
  2159 | D:3      | Reached XP level 6. HP: 38/43 MP: 6/6
  2171 | D:3      | Reached skill level 6 in Short Blades
  2203 | D:3      | Slain by a gnoll

Skill      XL: |  1  2  3  4  5  6 |
---------------+-------------------+-----
Fighting       | 3 4 |  4.0
Short Blades   | 3 4 5 6 |  6.1
Armour         | |  3.2
Shields        | |  3.2

Action                   |  1- 3 |  4- 6 || total
-------------------------+-------+-------++-------
Melee: Rapier            |    77 |    10 ||    87
       Short sword       |       |   209 ||   209
  Use: Potion            |       |     5 ||     5
  Eat: Chunk             |       |     4 ||     4
Armor: Scale mail        |    40 |    74 ||   114
Dodge: Dodged            |    19 |    70 ||    89
Block: Shield            |    31 |   113 ||   144
